 Dungeon Crawl Stone Soup version 0.26-a0-682-g294304f6e8 (webtiles) character file.

Game seed: 8066489514676653193

(classic levelgen) 13 EnegeticOcto the Digger (level 2, 0/17 HPs)
             Began as a Halfling Earth Elementalist on Oct 20, 2020.
             Succumbed to an adder's poison
             ... on level 2 of the Dungeon.
             The game lasted 00:00:29 (64 turns).

EnegeticOcto the Digger (Halfling Earth Elementalist) Turns: 64, Time: 00:00:29

Health: 0/17       AC:  2    Str:  9    XL:     2   Next: 50%
Magic:  1/4        EV: 15    Int: 13    God:
Gold:   0          SH:  0    Dex: 14    Spells: 3/4 levels left

rFire    . . .     SeeInvis .   d - +0 whip (curse)
rCold    . . .     Faith    .   (shield restricted)
rNeg     . . .     Spirit   .   c - +0 robe
rPois    .         Reflect  .   (no helmet)
rElec    .         Harm     .   (no cloak)
rCorr    .         Rampage  .   (no gloves)
MR       .....                  (no boots)
Stlth    ++........             (no amulet)
HPRegen  0.05/turn              (no ring)
MPRegen  0.09/turn              (no ring)

@: lethally poisoned (0 -> -3)
A: small, mutation resistance 1
a: no special abilities


You were on level 2 of the Dungeon.
You visited 1 branch of the dungeon, and saw 2 of its levels.

Inventory:

Hand Weapons
 d - a cursed +0 whip (weapon)
Missiles
 b - 24 stones (quivered)
Armour
 c - a +0 robe (worn)
Scrolls
 e - a scroll of identify {unknown}
Potions
 a - a potion of curing {unknown}


   Skills:
 - Level 2.1 Dodging
 - Level 2.1 Stealth
 - Level 1.5 Spellcasting
   Level 0.5 Transmutations
 + Level 3.7 Earth Magic


You had 3 spell levels left.
You knew the following spells:

 Your Spells              Type           Power        Failure   Level
a - Sandblast             Erth           ##....       6%          1

Your spell library contained the following spells:

 Spells                   Type           Power        Failure   Level
 Passwall                 Tmut/Erth      #.......     17%         2
 Stone Arrow              Conj/Erth      #.....       36%         3
 Petrify                  Tmut/Erth      #.......     73%         4
 Lee's Rapid Deconstruct  Erth           ##........   85%         5


Dungeon Overview and Level Annotations

Branches:
Dungeon (2/15)

Altars:


Innate Abilities, Weirdness & Mutations

You are small and have problems with some larger weapons.
You are somewhat resistant to further mutation.


Message History

Aiming: Sandblast (safe; 8% risk of failure)
Press: ? - help, Shift-Dir - straight line, f - rat
Aim: a rat The blast of sand hits the rat.
You kill the rat!
b - 29 stones You open the door.
There is a stone staircase leading down here.
Found an emerald potion.
(D) Dungeon
Where to? (? - help)
There is a stone staircase leading down here.
You climb downwards.
A quokka comes into view.
Found a sedimented white potion.
There is a stone staircase leading up here.
Casting: Sandblast (safe; 8% risk of failure)
Confirm with . or Enter, or press ? or * to list all spells.
Aiming: Sandblast (safe; 8% risk of failure)
Press: ? - help, Shift-Dir - straight line, f - quokka
Aim: a quokka (asleep)
The blast of sand hits the quokka.
You kill the quokka!
b - 28 stones An adder comes into view.
The adder hisses angrily.
Casting: Sandblast (safe; 8% risk of failure)
Confirm with . or Enter, or press ? or * to list all spells.
Aiming: Sandblast (safe; 8% risk of failure)
Press: ? - help, Shift-Dir - straight line, f - adder
Aim: an adder The blast of sand hits the adder.
The adder is lightly wounded.
b - 27 stones
Casting: Sandblast (safe; 8% risk of failure)
Confirm with . or Enter, or press ? or * to list all spells.
Aiming: Sandblast (safe; 8% risk of failure)
Press: ? - help, Shift-Dir - straight line, f/p - adder
Aim: an adder (lightly wounded)
The blast of sand hits the adder.
The adder is heavily wounded.
b - 26 stones The adder misses you.
You hit the adder but do no damage.
The adder is heavily wounded.
The adder closely misses you. The adder bites you.
The adder closely misses you.
You see here a sedimented white potion.
a - a sedimented white potion The adder bites you.
You are lethally poisoned!
The adder poisons you!
Casting: Sandblast (safe; 8% risk of failure)
Confirm with . or Enter, or press ? or * to list all spells.
Aiming: Sandblast (safe; 8% risk of failure)
Press: ? - help, Shift-Dir - straight line, f/p - adder
Aim: an adder (heavily wounded)
The blast of sand hits the adder!
You kill the adder!
You have reached level 2!
b - 25 stones You feel sick.
You feel sick.
You open the door.
Found a runed whip, a ring mail and a scroll labeled ZEMUGH LIAD.
A frilled lizard comes into view.
* * * LOW HITPOINT WARNING * * *
You feel sick.
There is an open door here.
You see here a runed whip.
It sticks to your hand!
d - a cursed +0 whip (weapon)
* * * LOW HITPOINT WARNING * * *
You feel sick.
The helpless frilled lizard fails to defend itself.
You hit the frilled lizard.
You kill the frilled lizard!
* * * LOW HITPOINT WARNING * * *
You feel sick.
You see here a scroll labeled ZEMUGH LIAD.
e - a scroll labeled ZEMUGH LIAD
* * * LOW HITPOINT WARNING * * *
You feel sick.
A kobold comes into view. It is wielding a +0 whip.
The kobold shouts!
The kobold throws a stone.
The stone hits you.
* * * LOW HITPOINT WARNING * * *
You see here a stone.
* * * LOW HITPOINT WARNING * * *
You feel sick.
Casting: Sandblast (safe; 6% risk of failure)
Confirm with . or Enter, or press ? or * to list all spells.
Aiming: Sandblast (safe; 6% risk of failure)
Press: ? - help, Shift-Dir - straight line, f - kobold
Aim: a kobold, wielding a +0 whip and quivering a stone The blast of sand hits the kobold.
You kill the kobold!
b - 24 stones You die...

#.# ##.## #.# .....
#.####.... #.#....#.#
###...†.<..# #....#.....#
#### ######.##.......#
.....####....#.....#..#.#
......).@....'...........
.....#.#..[.#####.#..###
... #.#....# #.#### .
#.#....# #.. #.#....# ##.
#.###### ^ ... ###


There were no monsters in sight!

Vanquished Creatures
  An adder (D:2)
  A quokka (D:2)
  A frilled lizard (D:2)
  A kobold (D:2)
  A rat (D:1)
5 creatures vanquished.

Notes
Turn   | Place    | Note
-------+----------+-------------------------------------------
     0 | D:1      | EnegeticOcto the Halfling Earth Elementalist began the
                  | quest for the Orb.
     0 | D:1      | Reached XP level 1. HP: 11/11 MP: 3/3
    42 | D:2      | Reached XP level 2. HP: 8/17 MP: 0/4
    64 | D:2      | Succumbed to an adder's poison

Illustrated notes

Levels and vault maps discovered:
D:1:      eino_arrival_druids_welcome, layout_basic
D:2:      layout_basic

Action                   || total
-------------------------++-------
Melee: Unarmed           ||     1
       Whip              ||     1
 Cast: Sandblast         ||     6
 Stab: Sleeping          ||     1
Dodge: Dodged            ||     3

Table legend: (Time is in decaauts)
 A = Elapsed time spent in this place.
 B = Non-inter-level travel time spent in this place.
 C = Inter-level travel time spent in this place.
 D = Time resting spent in this place.
 E = Time spent auto-exploring this place.
 F = Levels seen in this place.
 G = Mean time per level.
                   A        B        C        D        E       F      G
               +--------+--------+--------+--------+--------+-----+--------+
         Total |     63 |     55 |      8 |      0 |      0 |   2 |   31.5 |
       Dungeon |     63 |     55 |      8 |      0 |      0 |   2 |   31.5 |
               +--------+--------+--------+--------+--------+-----+--------+

Top non-repeatable levels by time:
     D:2: 34 daAuts
     D:1: 29 daAuts
